Map: Bel'Shir Vestige LE (Void)

Players

MygraiN

  • Race: Protoss Protoss
  • League: Grandmaster
  • Spawn Location: 11:00

Railgan - Winner!

  • Race: Zerg Zerg
  • League: Grandmaster
  • Spawn Location: 5:00

VOD

Have the link to the VOD?

Description

Time

  • Played on: Feb. 22, 2017, 5:26 p.m.
  • Length: 12:34
Show
View Real Time Build Order
Export as new Build Order

MygraiN Protoss 

Build Orders: 1 Gate Expand, Oracle Opening 

Get SALT Encoding   

  12  0:00  Probe (Chrono Boost)  
  13  0:11  Probe (Chrono Boost)  
  14  0:19  Pylon  
  14  0:22  Probe (Chrono Boost)  
  15  0:37  Probe (Chrono Boost)  
  16  0:43  Gateway  
  16  0:48  Probe (Chrono Boost)  
  17  0:52  Assimilator  
  17  0:58  Probe (Chrono Boost)  
  18  1:09  Probe (Chrono Boost)  
  19  1:22  Nexus  
  19  1:31  Cybernetics Core  
  19  1:36  Probe (Chrono Boost)  
  20  1:40  Assimilator  
  20  1:46  Probe (Chrono Boost)  
  21  1:50  Pylon  
  21  1:57  Probe (Chrono Boost)  
  22  2:04  Warp Gate  
  22  2:05  Adept  
  23  2:08  Probe (Chrono Boost)  
  25  2:20  Probe (Chrono Boost)  
  26  2:31  Probe (Chrono Boost)  
  26  2:32  Adept  
  26  2:36  Probe (Chrono Boost)  
  30  2:41  Probe (Chrono Boost)  
  30  2:42  Stargate  
  31  2:46  Probe (Chrono Boost)  
  32  2:52  Probe (Chrono Boost)  
  32  2:57  Probe (Chrono Boost)  
  34  2:59  Adept  
  34  3:02  Probe (Chrono Boost)  
  37  3:08  Probe (Chrono Boost)  
  38  3:13  Mothership Core (Chrono Boost)  
  38  3:14  Gateway  
  38  3:16  Gateway  
  40  3:28  Oracle  
  40  3:30  Pylon  
  43  3:36  Probe x2 (Chrono Boost)  
  45  3:46  Pylon  
  46  3:48  Probe (Chrono Boost)  
  46  3:53  Probe (Chrono Boost)  
  47  4:00  Probe (Chrono Boost)  
  47  4:02  Nexus  
  48  4:03  Phoenix  
  48  4:05  Probe (Chrono Boost)  
  51  4:13  Probe (Chrono Boost)  
  51  4:14  Pylon  
  51  4:15  Probe (Chrono Boost)  
  54  4:25  Probe (Chrono Boost)  
  54  4:26  Probe (Chrono Boost)  
  55  4:32  Adept x2  
  55  4:33  Adept  
  55  4:34  Phoenix  
  55  4:36  Probe (Chrono Boost)  
  55  4:37  Probe (Chrono Boost)  
  65  4:43  Pylon  
  65  4:47  Pylon, Probe (Chrono Boost)  
  65  4:49  Probe (Chrono Boost)  
  65  4:52  Stargate  
  66  4:55  Assimilator  
  66  4:58  Probe (Chrono Boost)  
  66  4:59  Assimilator  
  67  5:12  Probe (Chrono Boost)  
  67  5:13  Phoenix  
  67  5:14  Probe x2 (Chrono Boost)  
  72  5:22  Pylon, Forge  
  72  5:24  Pylon  
  72  5:26  Adept x3  
  78  5:33  Pylon  
  78  5:34  Pylon  
  78  5:35  Phoenix  
  78  5:41  Phoenix  
  82  5:48  Pylon  
  82  5:51  Adept x3  
  88  5:59  Protoss Ground Weapons Level 1  
  88  6:03  Phoenix  
  88  6:07  Probe x2 (Chrono Boost)  
  88  6:09  Probe (Chrono Boost)  
  88  6:11  Assimilator  
  93  6:14  Pylon  
  93  6:15  Assimilator  
  93  6:23  Phoenix  
  93  6:24  Pylon  
  95  6:26  Pylon  
  95  6:27  Pylon, Probe (Chrono Boost)  
  95  6:29  Probe (Chrono Boost)  
  97  6:33  Phoenix  
  99  6:48  Probe (Chrono Boost), Phoenix  
  99  6:49  Probe (Chrono Boost)  
  99  6:50  Probe (Chrono Boost)  
  104  6:54  Twilight Council  
  104  6:59  Probe (Chrono Boost)  
  104  7:00  Probe (Chrono Boost)  
  107  7:02  Probe (Chrono Boost)  
  107  7:10  Probe x2 (Chrono Boost)  
  107  7:14  Probe (Chrono Boost)  
  110  7:20  Gateway x2, Probe (Chrono Boost)  
  110  7:21  Gateway, Probe (Chrono Boost)  
  110  7:22  Phoenix  
  112  7:23  Gateway  
  112  7:24  Fleet Beacon  
  112  7:26  Probe (Chrono Boost)  
  115  7:35  Resonating Glaives  
  115  7:41  Probe (Chrono Boost)  
  108  7:45  Adept  
  108  7:46  Adept  
  108  7:49  Probe (Chrono Boost)  
  105  7:52  Templar Archives  
  105  7:58  Photon Cannon  
  105  8:03  Probe (Chrono Boost)  
  105  8:05  Probe (Chrono Boost)  
  107  8:06  Carrier  
  107  8:17  Carrier  
  119  8:25  Photon Cannon  
  119  8:27  Photon Cannon  
  119  8:28  Photon Cannon  
  119  8:31  Graviton Catapult  
  119  8:32  Nexus  
  119  8:33  Photon Cannon  
  119  8:52  Pylon  
  119  8:54  Pylon  
  117  8:55  Pylon  
  117  8:59  Pylon  
  115  9:06  Psionic Storm  
  115  9:19  High Templar  
  115  9:20  Zealot x2, Carrier  
  115  9:21  Zealot x3  
  127  9:37  Sentry  
  130  9:43  Carrier  
  130  9:45  Adept x5  
  130  9:55  Adept  
  130  9:56  Probe (Chrono Boost)  
  130  9:58  Probe (Chrono Boost)  
  90  10:22  Adept x2  
  90  10:23  Zealot x5  
  88  10:38  Probe (Chrono Boost)  
  88  10:40  Mothership Core (Chrono Boost), Stargate  
  88  10:41  Oracle  
  91  10:44  Zealot x7  
  100  11:01  Probe (Chrono Boost)  
  100  11:02  Probe (Chrono Boost)  
  100  11:03  Probe (Chrono Boost)  
  96  11:05  Robotics Facility, Probe (Chrono Boost)  
  96  11:06  Carrier  
  86  11:12  Photon Cannon  
  98  11:19  Photon Cannon  
  98  11:20  Photon Cannon  
  98  11:22  Pylon, Photon Cannon  
  98  11:25  Photon Cannon  
  98  11:32  Adept x3  
  102  11:33  Adept x2  
  104  11:52  Adept  
  104  11:53  Adept x2  
  104  11:54  Adept x2  
  102  11:55  Adept x2  
  104  12:12  Observer  
  105  12:20  Adept x6  
  105  12:21  Adept  
Show
View Real Time Build Order
Export as new Build Order

Railgan Zerg - Winner!

Build Orders: Hatch First 

Get SALT Encoding   

  12  0:01  Drone  
  13  0:12  Drone  
  14  0:36  Hatchery  
  14  0:37  Drone  
  14  0:43  Extractor  
  14  0:44  Drone  
  14  0:46  Extractor  
  14  0:49  Drone  
  16  1:02  Spawning Pool  
  15  1:08  Overlord  
  15  1:18  Extractor  
  14  1:20  Extractor  
  14  1:21  Drone  
  15  1:28  Drone x2  
  17  1:33  Drone  
  18  1:43  Drone  
  19  1:49  Queen  
  19  1:52  Queen  
  23  1:54  Zergling x2  
  24  2:04  Drone x2  
  26  2:10  Overlord  
  26  2:11  Drone  
  28  2:15  Drone  
  28  2:27  Queen  
  30  2:30  Metabolic Boost  
  30  2:34  Drone  
  30  2:36  Drone  
  32  2:41  Zergling x2  
  32  2:43  Zergling x2  
  33  2:47  Overlord  
  33  2:54  Drone x2  
  35  3:07  Drone x6  
  41  3:14  Drone x2  
  43  3:21  Drone  
  43  3:23  Lair  
  44  3:27  Overlord  
  44  3:30  Evolution Chamber  
  44  3:33  Overlord  
  43  3:39  Drone  
  43  3:40  Extractor x2, Drone x2  
  44  3:43  Spore Crawler  
  44  3:46  Drone, Spore Crawler  
  44  3:47  Drone  
  44  3:55  Drone x2  
  46  3:58  Zerg Melee Weapons Level 1  
  46  4:00  Zergling x4  
  48  4:05  Overlord  
  48  4:07  Zergling x4  
  50  4:11  Overlord  
  50  4:12  Zergling x4  
  50  4:16  Drone x2  
  54  4:20  Baneling Nest  
  54  4:22  Drone  
  54  4:23  Drone  
  55  4:28  Drone  
  53  4:35  Extractor  
  52  4:40  Drone x4  
  52  4:43  Drone x3  
  52  4:44  Overlord  
  58  4:55  Drone x2  
  60  5:04  Hatchery  
  59  5:09  Overlord  
  59  5:11  Burrow  
  59  5:13  Infestation Pit, Zergling x4  
  60  5:21  Zergling x2  
  60  5:22  Zergling x10  
  60  5:26  Overlord  
  66  5:38  Zergling x2  
  66  5:39  Zergling x2  
  67  5:51  Pathogen Glands  
  65  6:01  Zerg Melee Weapons Level 2  
  64  6:07  Baneling x3  
  64  6:08  Baneling x3  
  64  6:14  Infestor x3  
  68  6:19  Spore Crawler, Queen  
  68  6:20  Drone x5, Overlord  
  68  6:24  Zergling x10  
  79  6:27  Drone  
  79  6:31  Drone x2  
  79  6:32  Drone  
  80  6:37  Overlord  
  79  6:40  Infestor x2  
  81  6:47  Queen  
  81  6:49  Zergling x2  
  81  6:50  Zergling x2  
  81  6:51  Overlord  
  81  6:52  Queen  
  85  6:56  Zergling x10  
  89  7:07  Queen  
  91  7:09  Zergling x6  
  94  7:23  Queen  
  94  7:45  Drone x7  
  94  7:46  Drone  
  94  7:47  Drone x4, Overlord  
  106  7:53  Overlord  
  106  7:57  Overlord  
  106  8:03  Neural Parasite  
  106  8:06  Hydralisk Den  
  105  8:14  Drone x3  
  105  8:15  Drone x2  
  105  8:17  Extractor  
  105  8:19  Extractor  
  108  8:25  Infestor x5  
  118  8:28  Zergling x2  
  118  8:29  Zergling x10  
  118  8:33  Hatchery  
  123  8:42  Drone  
  123  8:43  Drone x2  
  123  8:44  Drone  
  123  8:45  Centrifical Hooks  
  126  8:56  Overseer x2  
  126  9:02  Zergling x6  
  128  9:17  Hatchery  
  128  9:18  Muscular Augments  
  128  9:24  Hydralisk x2, Zergling x2  
  125  9:25  Overlord x2  
  125  9:30  Zerg Missile Weapons Level 1  
  125  9:31  Evolution Chamber  
  128  9:32  Baneling x2, Evolution Chamber  
  128  9:33  Baneling x6, Overlord  
  127  9:43  Zergling x12  
  119  9:59  Zergling x2  
  117  10:00  Zergling x24  
  99  10:28  Zergling x6  
  100  10:30  Hydralisk  
  100  10:31  Hydralisk x3  
  100  10:32  Zergling x4  
  110  10:39  Drone  
  110  10:40  Drone x2  
  110  10:41  Hydralisk x3  
  110  10:42  Hydralisk  
  111  10:57  Hydralisk x6  
  111  11:02  Hydralisk x3  
  111  11:03  Zergling x2  
  111  11:04  Hydralisk  
  124  11:13  Hydralisk x4  
  124  11:14  Hydralisk x3  
  134  11:22  Baneling x4  
  134  11:23  Zergling x2  
  134  11:24  Zergling x8  
  139  11:29  Hydralisk  
  139  11:30  Hydralisk  
  143  11:37  Hydralisk  
  144  11:43  Zergling x2  
  139  11:53  Hydralisk x6  
  149  11:58  Overlord  
  149  11:59  Overlord  
  149  12:01  Overlord  
  149  12:03  Overlord  
  149  12:05  Overlord  
  149  12:07  Overlord  
  147  12:09  Baneling x4  
  147  12:11  Overlord  
  147  12:15  Zergling x2  
Tags
 
Add a new tag
Caveats
  • Supply blocks, unpowered buildings, or Contaminate may cause inaccurate times.
  • Supply counts are checked every 10 seconds.